[Event "ICC tourney 2858 (30 10)"]
[Site "Internet Chess Club"]
[Date "2022.03.19"]
[Round "3"]
[White "RASULOV, VUGAR:Vugar-Rasulov"]
[Black "IVANOV, ALEXANDER:marble"]
[Result "1-0"]
[ICCResult "Black resigns"]
[WhiteElo "2514"]
[BlackElo "2411"]
[Opening "Nimzo-Indian defense"]
[ECO "E20"]
[NIC "NI.30"]
[Time "16:00:16"]
[PlyCount "107"]
[TimeControl "1800+10"]

1. d4 Nf6 2. c4 e6 3. Nc3 Bb4 4. Bd2 O-O 5. Nf3 Bxc3 6. Bxc3 Ne4 7. Rc1 d6
8. g3 Nd7 9. Bg2 f5 10. O-O Qe7 11. b4 a5 12. b5 b6 13. Bb2 Bb7 14. Qc2 Ng5
15. Rfe1 Be4 16. Qd2 h6 17. Ba3 Rad8 18. Qe3 Nf6 19. Nxg5 Ng4 20. Qb3 Bxg2
21. Nf3 Bh3 22. c5 f4 23. cxd6 cxd6 24. Rc6 fxg3 25. hxg3 h5 26. Rec1 h4 27.
Qd3 hxg3 28. fxg3 Nf6 29. Qg6 Bf5 30. Qg5 Be4 31. Rc7 Rd7 32. Rc8 Rxc8 33.
Rxc8+ Rd8 34. Rc1 Qd7 35. Nd2 Bd5 36. Rf1 Ne4 37. Nxe4 Bxe4 38. Rf4 Bh7 39.
Qh5 Qc7 40. Rh4 Qc2 41. Bxd6 Rc8 42. Kf2 Qf5+ 43. Qxf5 Bxf5 44. e4 Bg6 45.
Rg4 Kh7 46. Ke3 Rc2 47. a3 Rb2 48. Rg5 Rb1 49. Bc7 Re1+ 50. Kf2 Rxe4 51.
Bxb6 a4 52. Bc5 Kh6 53. Rxg6+ Kxg6 54. b6 {Black resigns} 1-0

[Event "ICC tourney 2858 (30 10)"]
[Site "Internet Chess Club"]
[Date "2022.03.19"]
[Round "3"]
[White "SU, KENNETH:hpawnbomb"]
[Black "LIANG, YU-CHENG:Yucheng"]
[Result "1-0"]
[ICCResult "Black resigns"]
[WhiteElo "2060"]
[BlackElo "1984"]
[Opening "Caro-Kann: two knights, 3...Bg4"]
[ECO "B10"]
[NIC "CK.01"]
[Time "16:00:07"]
[PlyCount "195"]
[TimeControl "1800+10"]

1. e4 c6 2. Nf3 d5 3. Nc3 Bg4 4. h3 Bxf3 5. Qxf3 e6 6. g3 Nd7 7. Bg2 Ngf6 8.
O-O dxe4 9. Nxe4 Nxe4 10. Qxe4 Nf6 11. Qe2 Bd6 12. b3 O-O 13. Bb2 Qe7 14.
Rae1 Rfd8 15. f4 Ba3 16. Ba1 Bc5+ 17. Kh2 Qd7 18. Bxf6 gxf6 19. Qh5 Bf8 20.
Be4 h6 21. Bd3 Bg7 22. Re2 Qd5 23. f5 Qc5 24. Qf3 e5 25. g4 Rd4 26. Be4 Rad8
27. d3 Kf8 28. h4 Ke7 29. Qe3 Qb6 30. Qc1 R4d6 31. c3 Kd7 32. Rd1 Kc8 33.
Kg3 Kc7 34. Kf3 Kc8 35. Rg2 Kb8 36. Ke2 Qa5 37. Qd2 Kc8 38. Rdg1 Qb6 39. Kd1
Qa6 40. Kc1 Bf8 41. Kb1 Qb6 42. Qc1 a5 43. Rf1 Be7 44. Qxh6 a4 45. Rb2 R6d7
46. bxa4 Qa6 47. Qe3 Qxa4 48. Ka1 Qa5 49. Rb3 Bc5 50. Qf3 Qa6 51. Rfb1 Bf8
52. Qe3 Rc7 53. g5 fxg5 54. hxg5 Bg7 55. f6 Bf8 56. Bf5+ Kb8 57. Qxe5 Bd6
58. Qd4 Qa5 59. Be4 Qc5 60. Qa4 Qa7 61. Bxc6 Qxa4 62. Bxa4 Bf4 63. Bb5 Bxg5
64. Rf1 Rd6 65. Kb2 Bxf6 66. d4 Be7 67. Bd3 Rf6 68. Rxf6 Bxf6 69. Be4 Re7
70. Bf3 Kc8 71. Kc2 Bh4 72. Kd3 f5 73. Rb5 f4 74. Be4 Bf2 75. a4 Bg3 76. Rf5
Kc7 77. c4 Rd7 78. Rc5+ Kb6 79. Rf5 Kc7 80. Rb5 b6 81. Rf5 Re7 82. Rf6 Rd7
83. Bf3 Bh2 84. Rc6+ Kd8 85. Rxb6 Bg1 86. Rb8+ Kc7 87. Rb7+ Kc8 88. Rxd7
Kxd7 89. Ke4 Be3 90. Ke5 Bd2 91. c5 Bc3 92. Kd5 Bd2 93. Kc4 Kc7 94. Kb5 Bc3
95. d5 Bd2 96. Bg4 Be3 97. d6+ Kd8 98. c6 {Black resigns} 1-0

[Event "ICC tourney 2858 (30 10)"]
[Site "Internet Chess Club"]
[Date "2022.03.19"]
[Round "4"]
[White "LIU, AIDEN Q:goodcrowdchess"]
[Black "Turcotte, Jonathan:JonnyTurgi"]
[Result "0-1"]
[ICCResult "White resigns"]
[WhiteElo "2021"]
[BlackElo "2000"]
[Opening "Caro-Kann: advance variation"]
[ECO "B12"]
[NIC "CK.04"]
[Time "18:00:14"]
[PlyCount "52"]
[TimeControl "1800+10"]

1. e4 c6 2. d4 d5 3. e5 Bf5 4. Nf3 e6 5. Be2 c5 6. O-O Nc6 7. c3 Bg6 8. Be3
Qb6 9. Qd2 cxd4 10. cxd4 Nge7 11. Nc3 Nf5 12. Rac1 Be7 13. Rfd1 O-O 14. Ne1
Rac8 15. f4 Na5 16. Bf2 Nc4 17. Bxc4 Rxc4 18. Kh1 h5 19. Nf3 Rfc8 20. h3 h4
21. Qe1 Qxb2 22. Na4 Qxc1 23. Nc5 Qxf4 24. Nd3 Ng3+ 25. Bxg3 Qxg3 26. Qxg3
hxg3 {White resigns} 0-1

[Event "ICC tourney 2858 (30 10)"]
[Site "Internet Chess Club"]
[Date "2022.03.19"]
[Round "4"]
[White "JEGAN, ALAN:playtowin2020"]
[Black "JIANG, BRANDON:BranKing"]
[Result "1-0"]
[ICCResult "Black resigns"]
[WhiteElo "2037"]
[BlackElo "2067"]
[Opening "Scotch gambit: Dubois-Réti defense"]
[ECO "C55"]
[NIC "KP.02"]
[Time "18:02:19"]
[PlyCount "69"]
[TimeControl "1800+10"]

1. e4 e5 2. Nf3 Nc6 3. d4 exd4 4. Bc4 Nf6 5. e5 d5 6. Bb5 Ne4 7. Nxd4 Bc5 8.
Be3 O-O 9. Nxc6 bxc6 10. Bxc5 Nxc5 11. Bxc6 Rb8 12. O-O Qe7 13. Qd4 Ne6 14.
Qxa7 Rxb2 15. Qa3 Qxa3 16. Nxa3 Ba6 17. Rfb1 Rxb1+ 18. Rxb1 Nd4 19. Bb7 Bc4
20. Nxc4 dxc4 21. Ba6 Nxc2 22. Rc1 Nd4 23. Rxc4 Ne6 24. f4 Rd8 25. f5 Rd1+
26. Kf2 Rd2+ 27. Ke3 Rxa2 28. Bb7 Ra3+ 29. Ke4 Nf8 30. Rxc7 Ra4+ 31. Kd5 Ra2
32. Kd6 Re2 33. Bd5 Rd2 34. Rc8 g6 35. e6 {Black resigns} 1-0

[Event "ICC tourney 2858 (30 10)"]
[Site "Internet Chess Club"]
[Date "2022.03.19"]
[Round "4"]
[White "GUSEINOV, GADIR:GGuseinov"]
[Black "RASULOV, VUGAR:Vugar-Rasulov"]
[Result "1-0"]
[ICCResult "Black resigns"]
[WhiteElo "2711"]
[BlackElo "2514"]
[Opening "Sicilian: closed"]
[ECO "B23"]
[NIC "SI.44"]
[Time "18:02:21"]
[PlyCount "63"]
[TimeControl "1800+10"]

1. e4 c5 2. Nc3 a6 3. g3 Nc6 4. Bg2 g6 5. f4 Bg7 6. Nf3 e6 7. e5 d6 8. exd6
Qxd6 9. Ne4 Qe7 10. d3 Nf6 11. O-O O-O 12. c3 Rd8 13. Qe2 Nxe4 14. dxe4 b5
15. Be3 Bb7 16. Qf2 c4 17. Bc5 Qe8 18. e5 Rac8 19. Ng5 Rd5 20. Ne4 Qd7 21.
Nd6 Ne7 22. Nxb7 Rd2 23. Qf3 Nd5 24. Nd6 Rxc5 25. Ne4 Rxg2+ 26. Kxg2 Rc6 27.
Rad1 a5 28. Rd4 b4 29. Rfd1 Qc7 30. Nd6 Bf8 31. Ne8 Qb6 32. Nf6+ {Black
resigns} 1-0

[Event "ICC tourney 2858 (30 10)"]
[Site "Internet Chess Club"]
[Date "2022.03.19"]
[Round "4"]
[White "IVANOV, ALEXANDER:marble"]
[Black "Lie, Yoeng Kiong:yoengkiong333"]
[Result "0-1"]
[ICCResult "White resigns"]
[WhiteElo "2411"]
[BlackElo "2100"]
[Opening "Sicilian: Sozin, Benkö variation"]
[ECO "B57"]
[NIC "SI.25"]
[Time "18:00:16"]
[PlyCount "62"]
[TimeControl "1800+10"]

1. e4 c5 2. Nf3 d6 3. d4 cxd4 4. Nxd4 Nf6 5. Nc3 Nc6 6. Bc4 Qb6 7. Nb3 e6 8.
Bg5 Be7 9. Bxf6 gxf6 10. Qh5 Bd7 11. O-O a6 12. Kh1 O-O-O 13. Qxf7 Rdf8 14.
Qh5 f5 15. exf5 Rxf5 16. Qe2 d5 17. Bd3 Rf6 18. f4 Bd6 19. g3 Kb8 20. Rae1
h5 21. f5 Nb4 22. fxe6 Rxe6 23. Qf3 Rxe1 24. Rxe1 Bg4 25. Qe3 Qd8 26. Qd4
Nc6 27. Qxd5 h4 28. Bg6 hxg3 29. Re8 Rxe8 30. Bxe8 Nb4 31. Qe4 Qh4
{White resigns}
0-1

[Event "ICC tourney 2858 (30 10)"]
[Site "Internet Chess Club"]
[Date "2022.03.19"]
[Round "4"]
[White "Tanenbaum, Zachary:MasterZachary"]
[Black "NATHAN, NITISH SG:K06-15494283"]
[Result "0-1"]
[ICCResult "White resigns"]
[WhiteElo "2237"]
[BlackElo "1908"]
[Opening "Sicilian: accelerated fianchetto, modern variation"]
[ECO "B34"]
[NIC "SI.31"]
[Time "18:00:11"]
[PlyCount "90"]
[TimeControl "1800+10"]

1. e4 c5 2. Nf3 Nc6 3. Nc3 g6 4. d4 cxd4 5. Nxd4 Bg7 6. Be3 d6 7. f3 Nf6 8.
Qd2 Bd7 9. O-O-O h5 10. Kb1 a6 11. Nd5 Nxd5 12. exd5 Ne5 13. Nb3 Rc8 14. Bd4
O-O 15. f4 Ng4 16. Bxg7 Kxg7 17. Qd4+ Nf6 18. Bd3 a5 19. f5 a4 20. Nd2 Qa5
21. fxg6 fxg6 22. Rhe1 Rce8 23. c4 b5 24. Qh4 Kh7 25. Ne4 bxc4 26. Nxf6+
Rxf6 27. Rxe7+ Rxe7 28. Qxf6 Rg7 29. Bc2 Bg4 30. Rf1 Qxd5 31. h3 Be2 32.
Bxg6+ Rxg6 33. Qe7+ Rg7 34. Qxe2 Rxg2 35. Qe7+ Rg7 36. Qf6 Qd3+ 37. Kc1 Qe3+
38. Kb1 Qd3+ 39. Kc1 a3 40. Rd1 Qe3+ 41. Kb1 Qe4+ 42. Kc1 Rb7 43. Rxd6 axb2+
44. Kd2 c3+ 45. Qxc3 b1=N+ {White resigns} 0-1

[Event "ICC tourney 2858 (30 10)"]
[Site "Internet Chess Club"]
[Date "2022.03.19"]
[Round "4"]
[White "SU, KENNETH:hpawnbomb"]
[Black "Wan, Joseph Cheng-Yue:cyborg86"]
[Result "1/2-1/2"]
[ICCResult "Game drawn by mutual agreement"]
[WhiteElo "2060"]
[BlackElo "2291"]
[Opening "French: Two knights variation"]
[ECO "C00"]
[NIC "FR.01"]
[Time "18:00:29"]
[PlyCount "89"]
[TimeControl "1800+10"]

1. e4 e6 2. Nf3 d5 3. Nc3 Nf6 4. e5 Nfd7 5. d4 c5 6. Bg5 Qb6 7. dxc5 Bxc5 8.
Qd2 Bxf2+ 9. Qxf2 Qxb2 10. Kd2 Qxa1 11. Bb5 Qxh1 12. Qc5 Qxg2+ 13. Kc1 Qxg5+
14. Nxg5 Nc6 15. Bxc6 bxc6 16. Qxc6 Rb8 17. Nxd5 exd5 18. e6 f6 19. Qd6 Rb6
20. exd7+ Bxd7 21. Qxd5 Rf8 22. Ne4 Ke7 23. Qc5+ Kf7 24. Nd6+ Kg6 25. Qg1+
Kh6 26. Qe3+ Kg6 27. Qe7 Rxd6 28. Qxd6 Rf7 29. Qg3+ Kh6 30. Qe3+ Kg6 31.
Qxa7 f5 32. a4 f4 33. a5 f3 34. Qf2 Bc6 35. a6 h6 36. a7 Kh7 37. Kb2 Ba8 38.
Kc3 Re7 39. h3 h5 40. Kd3 g6 41. Kc4 Re2 42. Qf1 Rxc2+ 43. Kb5 Rc7 44. Kb6
Rf7 45. Qf2 {Game drawn by mutual agreement} 1/2-1/2

[Event "ICC tourney 2858 (30 10)"]
[Site "Internet Chess Club"]
[Date "2022.03.19"]
[Round "4"]
[White "YANG, KAIQI:YKQ"]
[Black "Belous, Vladimir:Openyagami"]
[Result "0-1"]
[ICCResult "White resigns"]
[WhiteElo "2531"]
[BlackElo "2566"]
[Opening "Sicilian: closed, 2...Nc6"]
[ECO "B23"]
[NIC "SI.44"]
[Time "18:00:19"]
[PlyCount "78"]
[TimeControl "1800+10"]

1. e4 c5 2. Nc3 Nc6 3. Bb5 Nd4 4. Nf3 e6 5. O-O Ne7 6. Nxd4 cxd4 7. Ne2 Nc6
8. c3 Bc5 9. b4 Bb6 10. Bb2 dxc3 11. Bxc3 O-O 12. d4 d5 13. Bd3 e5 14. exd5
exd4 15. dxc6 dxc3 16. Qc2 Qh4 17. b5 bxc6 18. bxc6 Be6 19. g3 Qh6 20. Qxc3
Bd5 21. Bb5 Rac8 22. Rac1 Bxa2 23. Nf4 g5 24. Rc2 gxf4 25. Rxa2 fxg3 26.
hxg3 Rfd8 27. Ra4 Qg5 28. Be2 h5 29. Rh4 Qd2 30. Qf3 Rxc6 31. Qxc6 Qxe2 32.
Qf6 Rd3 33. Qg5+ Kf8 34. Kg2 Qf3+ 35. Kg1 Bxf2+ 36. Kh2 Qxg3+ 37. Qxg3 Bxg3+
38. Kh3 Bxh4+ 39. Kxh4 Rd5 {White resigns} 0-1

[Event "ICC tourney 2858 (30 10)"]
[Site "Internet Chess Club"]
[Date "2022.03.19"]
[Round "4"]
[White "Nguyen, Hoa Duc:leoman"]
[Black "TANG, ZOEY:WonderZ"]
[Result "1-0"]
[ICCResult "Black resigns"]
[WhiteElo "2469"]
[BlackElo "2086"]
[Opening "King's Indian: Sämisch variation"]
[ECO "E80"]
[NIC "KI.54"]
[Time "18:01:40"]
[PlyCount "99"]
[TimeControl "1800+10"]

1. d4 Nf6 2. c4 g6 3. Nc3 Bg7 4. e4 d6 5. f3 c6 6. Be3 a6 7. Bd3 b5 8. Nge2
bxc4 9. Bxc4 O-O 10. O-O Nbd7 11. Qd2 a5 12. b3 Nb6 13. Bd3 a4 14. Nxa4 Nxa4
15. bxa4 Rxa4 16. Qc2 Ra3 17. Bc1 Ra7 18. Qxc6 Bd7 19. Qc3 Qa8 20. Be3 Be6
21. Qd2 Rxa2 22. Rxa2 Qxa2 23. Qxa2 Bxa2 24. Ra1 Be6 25. Ra7 Re8 26. d5 Bd7
27. g4 h6 28. h4 Rd8 29. Nd4 Rc8 30. g5 hxg5 31. hxg5 Rc3 32. gxf6 Bxf6 33.
Rxd7 Rxd3 34. Kf2 Bxd4 35. Bxd4 Rxd4 36. Rxe7 Ra4 37. Kg3 Kf8 38. Rd7 Ra6
39. Kg4 Ke8 40. Rb7 Ra1 41. Kg5 Rg1+ 42. Kf6 Rf1 43. Re7+ Kd8 44. Kxf7 Rxf3+
45. Ke6 g5 46. Rg7 Rf4 47. Kxd6 Rxe4 48. Rg8+ Re8 49. Rxe8+ Kxe8 50. Kc7
{Black resigns}
1-0

[Event "ICC tourney 2858 (30 10)"]
[Site "Internet Chess Club"]
[Date "2022.03.19"]
[Round "4"]
[White "LIANG, YU-CHENG:Yucheng"]
[Black "XIE, BRYAN:largecrab"]
[Result "0-1"]
[ICCResult "White forfeits on time"]
[WhiteElo "1984"]
[BlackElo "2105"]
[Opening "Nimzo-Indian: 4.e3 O-O, 5.Bd3"]
[ECO "E47"]
[NIC "NI.07"]
[Time "18:00:31"]
[PlyCount "100"]
[TimeControl "1800+10"]

1. d4 Nf6 2. c4 e6 3. Nc3 Bb4 4. e3 O-O 5. Bd3 c5 6. Nf3 cxd4 7. exd4 d5 8.
O-O Nc6 9. Bg5 Be7 10. Re1 h6 11. Bh4 dxc4 12. Bxc4 b6 13. a3 Bb7 14. Bg3
Na5 15. Ba2 Nd5 16. Ne4 Rc8 17. Ned2 Bf6 18. Ne4 Be7 19. Ned2 Nc6 20. Rc1
Bf6 21. Nc4 Be7 22. Nfe5 b5 23. Nxc6 Bxc6 24. Ne5 Bb7 25. Qd2 b4 26. Rxc8
Qxc8 27. Rc1 Qd8 28. a4 Qa5 29. Bb3 Rd8 30. Nc6 Bxc6 31. Rxc6 Bf6 32. Rc5
Qb6 33. Bxd5 Rxd5 34. Rxd5 exd5 35. Be5 Bxe5 36. dxe5 Qc5 37. g3 Qc4 38. a5
d4 39. Qf4 Qd5 40. Kf1 d3 41. Ke1 Qc5 42. a6 Qc2 43. Qd2 b3 44. f4 g6 45. g4
Qc4 46. Kf2 Qd4+ 47. Kf3 Kg7 48. h3 Kh7 49. h4 h5 50. gxh5 gxh5
{White forfeits on time}
0-1

[Event "ICC tourney 2858 (30 10)"]
[Site "Internet Chess Club"]
[Date "2022.03.19"]
[Round "5"]
[White "NATHAN, NITISH SG:K06-15494283"]
[Black "SU, KENNETH:hpawnbomb"]
[Result "1/2-1/2"]
[ICCResult "Game drawn by mutual agreement"]
[WhiteElo "1908"]
[BlackElo "2060"]
[Opening "Dutch"]
[ECO "A80"]
[NIC "HD.12"]
[Time "20:00:15"]
[PlyCount "45"]
[TimeControl "1800+10"]

1. d4 f5 2. Bf4 Nf6 3. e3 g6 4. Nd2 Bg7 5. Ngf3 O-O 6. h3 e6 7. Bc4 b6 8.
O-O Bb7 9. c3 d5 10. Be2 c5 11. a4 Nc6 12. Ne5 Nxe5 13. Bxe5 Nd7 14. Bxg7
Kxg7 15. Nf3 h6 16. Bb5 Nf6 17. Ne5 a5 18. Be2 Ba6 19. Re1 Bxe2 20. Qxe2 Nd7
21. Nxd7 Qxd7 22. f4 c4 23. Reb1 {Game drawn by mutual agreement} 1/2-1/2

[Event "ICC tourney 2858 (30 10)"]
[Site "Internet Chess Club"]
[Date "2022.03.19"]
[Round "5"]
[White "Belous, Vladimir:Openyagami"]
[Black "Nguyen, Hoa Duc:leoman"]
[Result "0-1"]
[ICCResult "White resigns"]
[WhiteElo "2566"]
[BlackElo "2469"]
[Opening "English: Neo-Catalan"]
[ECO "A13"]
[NIC "RE.11"]
[Time "20:00:32"]
[PlyCount "64"]
[TimeControl "1800+10"]

1. c4 e6 2. Nf3 d5 3. g3 Nf6 4. Bg2 d4 5. O-O c5 6. e3 Nc6 7. exd4 cxd4 8.
d3 Bd6 9. Re1 O-O 10. Bg5 h6 11. Bxf6 Qxf6 12. Nbd2 Qd8 13. a3 a5 14. Qc2
Bc5 15. Ne5 Nxe5 16. Rxe5 Qc7 17. Rae1 a4 18. b4 axb3 19. Nxb3 Bxa3 20. Nxd4
Bb4 21. Nb5 Qb8 22. R1e2 Ra1+ 23. Bf1 Qa8 24. Qb3 b6 25. R2e4 f5 26. Re3
Rxf1+ 27. Kxf1 Qh1+ 28. Ke2 Qe1+ 29. Kf3 Bb7+ 30. Rd5 exd5 31. cxd5 Qf1 32.
Re5 Qh1+ {White resigns} 0-1

[Event "ICC tourney 2858 (30 10)"]
[Site "Internet Chess Club"]
[Date "2022.03.19"]
[Round "5"]
[White "Turcotte, Jonathan:JonnyTurgi"]
[Black "JEGAN, ALAN:playtowin2020"]
[Result "0-1"]
[ICCResult "White checkmated"]
[WhiteElo "2000"]
[BlackElo "2037"]
[Opening "Bogo-Indian defense, Nimzovich variation"]
[ECO "E11"]
[NIC "QI.01"]
[Time "20:00:14"]
[PlyCount "72"]
[TimeControl "1800+10"]

1. d4 Nf6 2. c4 e6 3. Nf3 Bb4+ 4. Bd2 Qe7 5. g3 b6 6. Bg2 Bb7 7. O-O Bxd2 8.
Qxd2 O-O 9. Qc2 Nc6 10. a3 a5 11. Nc3 Rae8 12. Rad1 d6 13. Rfe1 e5 14. e4
exd4 15. Nxd4 Ne5 16. Nd5 Nxd5 17. cxd5 Ba6 18. f4 Ng4 19. h3 Nf6 20. Rc1
Rc8 21. b4 axb4 22. axb4 Bb7 23. Nc6 Bxc6 24. Qxc6 g5 25. fxg5 Nd7 26. h4
Ne5 27. Qc3 f6 28. gxf6 Rxf6 29. Rf1 Rg6 30. Qe3 Kh8 31. Rc3 Rcg8 32. Qf4
R6g7 33. Bh3 Ng6 34. Qf6 Qxe4 35. Be6 Nxh4 36. Bxg8 Qg2# {White checkmated}
0-1

[Event "ICC tourney 2858 (30 10)"]
[Site "Internet Chess Club"]
[Date "2022.03.19"]
[Round "5"]
[White "RASULOV, VUGAR:Vugar-Rasulov"]
[Black "Lie, Yoeng Kiong:yoengkiong333"]
[Result "0-1"]
[ICCResult "White checkmated"]
[WhiteElo "2514"]
[BlackElo "2100"]
[Opening "King's Indian defense"]
[ECO "E60"]
[NIC "KI.80"]
[Time "20:00:32"]
[PlyCount "112"]
[TimeControl "1800+10"]

1. d4 Nf6 2. c4 g6 3. h4 c5 4. d5 b5 5. cxb5 a6 6. e3 Ne4 7. Bd3 Qa5+ 8. Nd2
f5 9. h5 axb5 10. hxg6 Nf6 11. Bxf5 h5 12. Ne2 e6 13. Bc2 exd5 14. Nf4 Nc6
15. Nxh5 Kd8 16. Rh3 Ne8 17. Qf3 d6 18. Nf4 Bxh3 19. gxh3 Bg7 20. Ne6+ Kc8
21. Nxg7 Nxg7 22. Qxd5 Nb4 23. Bf5+ Nxf5 24. Qxf5+ Kc7 25. Ke2 Rhf8 26. Qg5
Rfe8 27. Nb3 Qa6 28. Qf6 Nc6 29. Nd2 b4+ 30. Ke1 Ne5 31. g7 Rad8 32. b3 Rd7
33. Bb2 Nd3+ 34. Kd1 Rg8 35. Kc2 Rgxg7 36. Qh4 Nxb2 37. Kxb2 Qe2 38. Kc2
Rdf7 39. Rf1 Rg2 40. Qe4 Rgxf2 41. Rxf2 Qxf2 42. Qa8 Kd7 43. Qb7+ Ke6 44.
Qc8+ Rd7 45. e4 Ke7 46. Qg8 Ra7 47. Qh7+ Qf7 48. Qh4+ Kd7 49. Kb1 Ra8 50.
Qe1 Qf4 51. Nc4 Rg8 52. a4 Qf3 53. Nd2 Qd3+ 54. Kc1 Rg2 55. Kd1 Qc3 56. Qf1
Qxd2# {White checkmated} 0-1

[Event "ICC tourney 2858 (30 10)"]
[Site "Internet Chess Club"]
[Date "2022.03.19"]
[Round "5"]
[White "XIE, BRYAN:largecrab"]
[Black "Tanenbaum, Zachary:MasterZachary"]
[Result "0-1"]
[ICCResult "White resigns"]
[WhiteElo "2105"]
[BlackElo "2237"]
[Opening "Queen's pawn game"]
[ECO "D02"]
[NIC "QP.08"]
[Time "20:00:15"]
[PlyCount "82"]
[TimeControl "1800+10"]

1. d4 d5 2. Nf3 Bf5 3. Bf4 c5 4. e3 Nc6 5. c3 Qb6 6. Qb3 c4 7. Qxb6 axb6 8.
Na3 e6 9. Nb5 Kd7 10. Be2 Bc2 11. Bd1 Bxd1 12. Kxd1 Be7 13. Kc2 Nf6 14. Nd2
Rhc8 15. a4 Ne8 16. e4 Bd6 17. Bxd6 Nxd6 18. exd5 exd5 19. Nxd6 Kxd6 20. Nf3
Re8 21. Rhe1 Rxe1 22. Nxe1 b5 23. b3 Na5 24. axb5 cxb3+ 25. Kb1 b6 26. Nd3
Re8 27. Nc1 Re1 28. Kb2 Rf1 29. Nxb3 Nc4+ 30. Kc2 Rxf2+ 31. Kd3 Rb2 32. Ra7
Rxb3 33. Kc2 Rb2+ 34. Kc1 Rxg2 35. Rxf7 h5 36. h4 Ke6 37. Rf8 Rh2 38. Rg8
Kf7 39. Rd8 Rxh4 40. Rxd5 Rh1+ 41. Kc2 Ne3+ {White resigns} 0-1

[Event "ICC tourney 2858 (30 10)"]
[Site "Internet Chess Club"]
[Date "2022.03.19"]
[Round "5"]
[White "Tang, Austin:Mrpeetapizza"]
[Black "LIANG, YU-CHENG:Yucheng"]
[Result "1/2-1/2"]
[ICCResult "Game drawn by repetition"]
[WhiteElo "2034"]
[BlackElo "1984"]
[Opening "Queen's Indian: old main line, 6.O-O"]
[ECO "E17"]
[NIC "QP.11"]
[Time "20:00:17"]
[PlyCount "84"]
[TimeControl "1800+10"]

1. Nf3 Nf6 2. g3 b6 3. Bg2 Bb7 4. O-O e6 5. d4 Be7 6. c4 c5 7. Nc3 cxd4 8.
Nxd4 Bxg2 9. Kxg2 O-O 10. e4 d6 11. f4 Qc7 12. b3 Qb7 13. Qf3 Nbd7 14. Bb2
Rfd8 15. Rae1 a5 16. e5 Qxf3+ 17. Kxf3 dxe5 18. Nc6 e4+ 19. Nxe4 Nxe4 20.
Nxe7+ Kf8 21. Kxe4 Kxe7 22. Bxg7 f6 23. f5 e5 24. Bh6 Nc5+ 25. Kf3 a4 26.
Be3 axb3 27. Bxc5+ bxc5 28. axb3 Ra2 29. Ra1 Rxh2 30. Ra7+ Rd7 31. Rfa1 Rd2
32. Kg4 Rd3 33. Rxd7+ Kxd7 34. Ra7+ Ke8 35. Rxh7 Rxb3 36. Rc7 Rc3 37. Rxc5
Kd7 38. Kh4 Kd6 39. Rc8 Kd7 40. Rc5 Kd6 41. Rc8 Kd7 42. Rc5 Kd6
{Game drawn by repetition}
1/2-1/2

[Event "ICC tourney 2858 (30 10)"]
[Site "Internet Chess Club"]
[Date "2022.03.19"]
[Round "5"]
[White "Wan, Joseph Cheng-Yue:cyborg86"]
[Black "GUSEINOV, GADIR:GGuseinov"]
[Result "0-1"]
[ICCResult "White forfeits on time"]
[WhiteElo "2291"]
[BlackElo "2711"]
[Opening "Queen's pawn: London system"]
[ECO "A45"]
[NIC "QP.07"]
[Time "20:00:17"]
[PlyCount "110"]
[TimeControl "1800+10"]

1. d4 Nf6 2. Bf4 g6 3. e3 Bg7 4. Nf3 d6 5. h3 O-O 6. Be2 b6 7. O-O Bb7 8. c4
Nbd7 9. Nc3 Re8 10. Rc1 e5 11. Bh2 Ne4 12. d5 Nxc3 13. Rxc3 f5 14. Re1 Qe7
15. b4 c5 16. dxc6 Bxc6 17. Rc1 Rad8 18. Qb3 Kh8 19. Red1 Nf8 20. Rd2 Ne6
21. Rcd1 g5 22. Ne1 Rd7 23. Bf3 Bxf3 24. Nxf3 Red8 25. Qa4 f4 26. Qc6 h6 27.
Qe4 Qf7 28. Qd5 Kg8 29. Qc6 Rc7 30. Qe4 Nf8 31. Rd5 Rdc8 32. Nd2 Rd7 33. Nb3
Nh7 34. Rxd6 Rxd6 35. Rxd6 Rxc4 36. Qd3 Nf8 37. e4 Rxb4 38. f3 a5 39. Kh1 a4
40. Nc1 Qc4 41. Qxc4+ Rxc4 42. Nd3 b5 43. Bg1 Rc2 44. Nb4 Rb2 45. Bc5 Kf7
46. Ra6 Ne6 47. Bd6 Bf8 48. Nd3 Rxa2 49. Nxe5+ Kg8 50. Ra8 a3 51. Bxf8 Nxf8
52. Nd7 b4 53. Nxf8 b3 54. Rb8 b2 55. Kh2 Ra1 {White forfeits on time} 0-1